 Dungeon Crawl Stone Soup version 0.28.0-45-g0d030f2227 (webtiles) character file.

Game seed: 6330541359352307626

885 pkoi the Gusty (level 7, -15/56 HPs)
             Began as a Demigod Air Elementalist on Apr 3, 2022.
             Demolished by a boulder beetle (29 damage)
             ... on level 7 of the Dungeon.
             The game lasted 00:05:49 (3955 turns).

pkoi the Gusty (Demigod Air Elementalist)           Turns: 3955, Time: 00:05:49

Health: -15/56     AC:  2    Str:  9    XL:     7   Next: 47%
Magic:  15/15      EV: 13    Int: 25    God:
Gold:   156        SH:  0    Dex: 14    Spells: 7/13 levels left

rFire   . . .      SeeInvis .   i - +1 dagger (venom)
rCold   . . .      Faith    .   (no shield)
rNeg    . . .      Spirit   .   a - +0 robe
rPois   .          Reflect  .   (no helmet)
rElec   .          Harm     .   (no cloak)
rCorr   .          Rampage  .   (no gloves)
Will    .....                   (no boots)
Stlth   ++........              d - amulet of regeneration
HPRegen 0.98/turn               (no ring)
MPRegen 0.14/turn               (no ring)

@: no status effects
A: high MP 1, forlorn, divine attributes
a: no special abilities


You were on level 7 of the Dungeon.
You visited 1 branch of the dungeon, and saw 5 of its levels.

You collected 156 gold pieces.

Inventory:

Hand Weapons
 e - a +0 dagger
 g - a +0 whip
 i - a +1 dagger of venom (weapon)
 k - a +2 dagger of protection
Missiles
 l - 5 boomerangs
Armour
 a - a +0 robe (worn)
Jewellery
 d - an amulet of regeneration (around neck)
Scrolls
 b - a scroll of identify
Potions
 f - a potion of flight
 n - a potion of mutation


   Skills:
 + Level 2.4 Fighting
 + Level 3.2 Dodging
 - Level 1.7 Stealth
 + Level 3.7 Spellcasting
 - Level 0.8 Conjurations
 * Level 6.6 Air Magic


You had 7 spell levels left.
You knew the following spells:

 Your Spells              Type           Power      Damage    Failure   Level
a - Shock                 Conj/Air       92%        1d8       1%          1
b - Static Discharge      Conj/Air       23%        N/A       3%          2
c - Swiftness             Air            38%        N/A       1%          3

Your spell library contained the following spells:

 Spells                   Type           Power      Damage    Failure   Level
 Airstrike                Air            19%        N/A       6%          4
 Sublimation of Blood     Necr           4%         N/A       14%         2
 Wereblood                Tmut           4%         N/A       14%         2
 Summon Hydra             Summ           2%         N/A       100%        7


Dungeon Overview and Level Annotations

Branches:
Dungeon (4/15)
 Temple: D:4-7

Shops:
D:2 ?


Innate Abilities, Weirdness & Mutations

You have an increased reservoir of magic. (+10% MP)
You shall have no god before yourself.
Your divine heritage dramatically boosts your attributes as you level up.


Message History

Press: ? - help, Shift-Dir - straight line, f - boulder beetle
Aim: a boulder beetle (moderately wounded, covered in acid, 100% to hit)
The bolt of acid hits the boulder beetle.
The boulder beetle is moderately wounded.
The boulder beetle curls into a ball and begins rolling!
Unknown command.
Unknown command.
Aiming: Corrosive Bolt
Press: ? - help, Shift-Dir - straight line, f - wraith, p - boulder beetle
Aim: a wraith (almost destroyed, covered in acid, 71% to hit)
The bolt of acid hits the boulder beetle!
The boulder beetle seems to be corroded for longer.
The boulder beetle is moderately wounded.
The bolt of acid hits the wraith!
The wraith seems to be corroded for longer.
You destroy the wraith!
Your Dodging skill increases to level 3!
Unknown command.
Aiming: Corrosive Bolt
Press: ? - help, Shift-Dir - straight line, f - boulder beetle
Aim: a boulder beetle (moderately wounded, rolling, covered in acid, 100% to hit)
The bolt of acid hits the boulder beetle.
The boulder beetle seems to be corroded for longer.
The boulder beetle is moderately wounded.
The now-empty wand crumbles to dust.
The boulder beetle closely misses you.
The boulder beetle stops rolling and uncurls.
Unknown command.
You feel better. The boulder beetle closely misses you.
Okay, then.
The boulder beetle leaps!
The boulder beetle curls into a ball and begins rolling!
The boulder beetle hits you!!
* * * LOW HITPOINT WARNING * * *
The boulder beetle stops rolling and uncurls.
A troll comes into view.
The troll shouts!
You hear a shout!
The boulder beetle bites you!!
Ouch! That really hurt!
You die...

...#........#.......... ...
.......>...B###.####### ...
.#........W.# #.# ...
.......)....# #.## ...
............# #..# ###.#
............####.# #...
...............#.#####.#####
####............B...)......#
.....###.###..@..###T###..#
#.#..## ##..##...##.....#
#...## ##.##.##.##..#.#
#..## ###. .V.# .# ##. #^
W4.} .# #. # #..::# # ##K[)#
..):#


You could see a boulder beetle (corroded).

Vanquished Creatures
  A kobold demonologist (D:7)
  A vampire (D:7)
  A wraith (D:7)
  An ogre (D:3)
  A sky beast (D:7)
  A hound (D:7)
  An orc priest (D:3)
  An adder (D:2)
  4 dart slugs
  3 orcs
  5 ball pythons
  7 endoplasms
  15 goblins
  13 hobgoblins
  6 jackals
  3 kobolds
  3 quokkas (D:1)
  2 bats (D:1)
  3 frilled lizards
  6 rats
78 creatures vanquished.

Notes
Turn   | Place    | Note
-------+----------+-------------------------------------------
     0 | D:1      | pkoi the Demigod Air Elementalist began the quest for the
                  | Orb.
     0 | D:1      | Reached XP level 1. HP: 14/14 MP: 5/5
   147 | D:1      | Reached skill level 3 in Air Magic
   433 | D:1      | Reached XP level 2. HP: 20/20 MP: 4/7
   444 | D:1      | Learned a level 2 spell: Static Discharge
  1323 | D:2      | Reached XP level 3. HP: 26/26 MP: 5/8
  1376 | D:2      | Reached skill level 4 in Air Magic
  1708 | D:2      | Found Beutef's Magic Scroll Shoppe.
  2563 | D:3      | Reached XP level 4. HP: 33/33 MP: 1/9
  2978 | D:3      | Noticed an ogre
  3653 | D:3      | Killed an ogre
  3654 | D:3      | Reached skill level 5 in Air Magic
  3654 | D:3      | Reached XP level 5. HP: 24/38 MP: 5/11
  3704 | D:3      | Learned a level 3 spell: Swiftness
  3767 | D:4      | You fall into a shaft and drop 3 floors!
  3912 | D:7      | Noticed a sky beast
  3913 | D:7      | Noticed a wraith
  3913 | D:7      | Noticed a vampire
  3913 | D:7      | Noticed a kobold demonologist
  3915 | D:7      | Noticed an orange demon
  3921 | D:7      | Killed a sky beast
  3922 | D:7      | Reached XP level 6. HP: 44/46 MP: 13/13
  3924 | D:7      | Killed a vampire
  3925 | D:7      | Reached skill level 1 in Fighting
  3925 | D:7      | Reached skill level 6 in Air Magic
  3925 | D:7      | Noticed a boulder beetle
  3926 | D:7      | Killed a kobold demonologist
  3927 | D:7      | Reached XP level 7. HP: 55/55 MP: 13/15
  3948 | D:7      | Killed a wraith
  3954 | D:7      | Noticed a troll
  3955 | D:7      | Demolished by a boulder beetle

Illustrated notes

Levels and vault maps discovered:
D:1:      minmay_arrival_four_circles, layout_basic, minmay_misc_feat_roman
D:2:      cheibrodos_greedy_goblins, layout_loops_ring, serial_shops, shop,
          skrybe_limestone_x, kennysheep_generic_room_6
D:3:      layout_basic, minivault_14
D:4:      layout_loops_ring, nicolae_elemental_shop, uniq_robin
D:7:      minmay_the_grid_octo_2x2 [minmay_the_grid_octo_fan_narrow,
          minmay_the_grid_octo_checkerflower, minmay_the_grid_octo_fat_diamond,
          minmay_the_grid_octo_prize_ultimate_mussel_roller], layout_rooms,
          minmay_stone_trees_small, minmay_misc_feat_square,
          nrook_mini_backslash

Skill      XL: |  1  2  3  4  5  6  7 |
---------------+----------------------+-----
Air Magic      | 3 4 5 6 |  6.6
Spellcasting   | 2 3 |  3.7
Dodging        | 2 3 |  3.2
Fighting       | 2 |  2.4
Stealth        | |  1.7
Conjurations   | |  0.8

Action                   |  1- 3 |  4- 6 |  7- 9 || total
-------------------------+-------+-------+-------++-------
Melee: Unarmed           |     2 |       |       ||     2
       Dagger            |    16 |     8 |       ||    24
 Cast: Shock             |   105 |    52 |       ||   157
Evoke: Wand              |       |     6 |     7 ||    13
  Use: Scroll            |       |     8 |       ||     8
       Potion            |       |     2 |     1 ||     3
 Stab: Sleeping          |       |     1 |       ||     1
Armor: Robe              |     6 |       |       ||     6
Dodge: Dodged            |    16 |     8 |     3 ||    27
